 Dungeon Crawl Stone Soup version 0.17.0-18-gaab0e96 (webtiles) character file.

4253 HaroldButt the Martial Artist (level 10, -1/51 HPs)
             Began as a Vine Stalker Monk on Nov 11, 2015.
             Was a Follower of Ru.
             Killed by divine providence
             ... invoked by an orc priest
              (10 damage)
             ... on level 8 of the Dungeon.
             The game lasted 00:26:44 (6985 turns).

HaroldButt the Martial Artist (Vine Stalker Monk)   Turns: 6985, Time: 00:26:44

Health: -1/51      AC: 13    Str: 14    XL:     10   Next: 31%
Magic:  0/15       EV:  8    Int: 10    God:    Ru [*.....]
Gold:   554        SH:  0    Dex: 20    Spells: 0 memorised, 9 levels left

rFire  . . .     SeeInvis +       - Unarmed
rCold  . . .     Clarity  .     u - +1 chain mail of the Vacuum {*Drain MR+ SInv Stlth+} (curse)
rNeg   . . .     SustAt   .     (no shield)
rPois  .         Gourm    .     (no helmet)
rElec  .         Spirit   +     (no cloak)
rCorr  .         Warding  .     m - +0 pair of gloves
rMut   .         Stasis   .     L - +1 pair of boots
MR     ++...                    f - amulet of rage
Stlth  ..........               (no ring)
                                (no ring)

@: lethally poisoned (-1 -> -2), very resistant to hostile enchantments,
extremely unstealthy
A: fangs 3, regeneration 2, magic shield, antimagic bite, no device heal 3, rot
immunity, unskilled 1
a: Renounce Religion, Evoke Berserk Rage


You were on level 8 of the Dungeon.
You worshipped Ru.
Ru was aware of your devotion.
You were not hungry.

You visited 2 branches of the dungeon, and saw 9 of its levels.
You also visited: Ossuary.

You collected 554 gold pieces.

Inventory:

Missiles
 g - 249 stones (quivered)
 H - 22 poisoned needles
Armour
 a - a +0 robe
 l - a +0 buckler
 m - a +0 pair of gloves (worn)
 p - a +1 scale mail
 u - the cursed +1 chain mail of the Vacuum (worn) {*Drain MR+ SInv Stlth+}
   (You found it on level 5 of the Dungeon)

   It affects your resistance to hostile enchantments.
   It lets you see invisible.
   It causes draining when unequipped.
   It makes you more stealthy.
   It has a curse placed upon it.
 L - a +1 pair of boots (worn)
Jewellery
 f - an amulet of rage (around neck)
 q - an uncursed amulet of regeneration
Wands
 t - a wand of digging (6)
 v - a wand of frost (19)
 y - a wand of enslavement (2)
 I - a wand of enslavement (14)
 K - a wand of draining (8)
Scrolls
 e - 2 scrolls of enchant armour
 j - a scroll of fear
 B - 2 scrolls of remove curse
 E - a scroll of recharging {unknown}
 F - a scroll of torment {unknown}
 G - a scroll of amnesia {unknown}
 J - a scroll of blinking
 M - a scroll of enchant weapon {unknown}
Potions
 c - 3 potions of haste
 d - 7 potions of curing
 h - a potion of agility
 k - a potion of flight
 r - a potion of ambrosia
 s - a potion of brilliance {unknown}
 x - a potion of cancellation {unknown}
 z - a potion of resistance {unknown}
 A - 2 potions of magic {unknown}
 C - a potion of cure mutation {unknown}
Books
 i - a book of Burglary

   Spells                             Type                      Level
   a - Swiftness                      Charms/Air                   2
   b - Passwall                       Transmutation/Earth          3
   c - Passage of Golubria            Translocation                4
   d - Lee's Rapid Deconstruction     Earth                        5
   e - Darkness                       Hexes                        6
   f - Invisibility                   Hexes                        6
Comestibles
 b - 4 bread rations
 n - 3 beef jerkies
 o - 2 slices of pizza
 w - a meat ration
 D - a chunk of flesh


   Skills:
 - Level 4.8 Fighting
 - Level 3.5 Armour
 - Level 4.3 Dodging
 - Level 2.1 Stealth
 - Level 9.2 Unarmed Combat
 + Level 6.3 Evocations


You had 9 spell levels left.
You didn't know any spells.

Dungeon Overview and Level Annotations

Branches:
Dungeon (8/15)             Temple (1/1) D:6
   Lair: D:8-11

Altars:
Ashenzari
Cheibriados
Dithmenos
Gozag
Kikubaaqudgha
Makhleb
Okawaru
Ru
Trog
Xom
Yredelemnul
The Shining One


Innate Abilities, Weirdness & Mutations

You have razor-sharp teeth.
You heal very quickly.
When hurt, damage is shared between your health and your magic reserves.
Your bite disrupts and absorbs the magic of your enemies.
Potions and wands cannot restore your health.
You are immune to rotting.
You are somewhat unskilled (-1 Apt).


Message History

The orc wizard gestures wildly while chanting.
The orc wizard seems to speed up.
You miss the killer bee.
The killer bee is severely wounded.
You feel sick. The killer bee barely misses you.
The killer bee stings you but does no damage.
You barely miss the killer bee.
The killer bee is severely wounded.
The killer bee stings you but does no damage. x2
You barely miss the killer bee.
The killer bee is severely wounded.
The killer bee stings you but does no damage.
You punch the killer bee!
You kill the killer bee!
You see here a club.
You feel sick.
The orc priest casts a cantrip, but nothing happens.
The orc priest invokes the aid of Beogh against you.
Something smites you!
You die...

....#### ###.#####
.......# #....o.o.
....##.## #o#
....##..# #.#
....###.# #o#
###.###.#### #.#
.........>.## #o#
##....)^....#####.#
#..............@.#
#...........######
##.#..........#
#.#..........#
#............#
#####....#.....#
...##....#....##
...########)#.#####.
...+................


You could see an orc priest and 2 orcs.

Vanquished Creatures
  6 yaks (D:7)
  Menkaure (D:4)
  2 sky beasts
  A phantom (D:8)
  A black bear (D:7)
  3 orc warriors
  4 ice beasts
  2 centaurs
  A necrophage (D:6)
  4 ogres
  2 giant frogs (D:6)
  7 scorpions (D:7)
  5 killer bees (D:8)
  A quasit (D:8)
  A crimson imp (D:5)
  3 orc priests
  3 hounds (D:7)
  A jelly (D:5)
  A giant frog skeleton (D:7)
  7 orc wizards
  2 iguanas (D:7)
  3 worker ants
  A big kobold zombie (Ossuary)
  A hound zombie (D:6)
  8 mummies (Ossuary)
  2 worker ant zombies
  3 gnolls (D:2)
  6 adders
  A shadow imp (D:8)
  2 oozes (D:2)
  An adder skeleton (D:8)
  7 worms
  7 giant geckos
  29 orcs
  A ball python (D:3)
  16 bats
  6 giant cockroaches
  A gnoll zombie (Ossuary)
  4 goblins
  10 hobgoblins
  3 quokkas
  A giant cockroach zombie (D:5)
  7 giant newts
  2 hobgoblin zombies (Ossuary)
  12 jackals
  13 kobolds
  A kobold zombie (Ossuary)
  3 orc zombies (Ossuary)
  12 rats
  A fungus (D:7)
222 creatures vanquished.

Vanquished Creatures (others)
  3 fungi (D:7)
3 creatures vanquished.

Grand Total: 225 creatures vanquished

Notes
Turn   | Place    | Note
--------------------------------------------------------------
     0 | D:1      | HaroldButt the Vine Stalker Monk began the quest for the Orb.
     0 | D:1      | Reached XP level 1. HP: 11/11 MP: 2/2
   153 | D:1      | Reached XP level 2. HP: 16/16 MP: 3/3
   467 | D:1      | Reached XP level 3. HP: 16/19 MP: 4/4
   781 | D:1      | Reached skill level 5 in Unarmed Combat
  1007 | D:2      | Reached XP level 4. HP: 15/23 MP: 5/5
  1362 | D:2      | Reached skill level 6 in Unarmed Combat
  1592 | D:3      | Reached XP level 5. HP: 22/27 MP: 6/6
  1866 | D:3      | Reached skill level 7 in Unarmed Combat
  1967 | D:3      | Gained mutation: You heal very quickly. [Vine Stalker growth]
  1967 | D:3      | Reached XP level 6. HP: 32/32 MP: 7/7
  2418 | D:4      | Reached skill level 8 in Unarmed Combat
  2607 | D:4      | Noticed Menkaure
  2683 | D:3      | Reached XP level 7. HP: 33/35 MP: 6/8
  3244 | D:4      | Killed Menkaure
  3244 | D:4      | Reached skill level 9 in Unarmed Combat
  3307 | D:5      | Entered Level 5 of the Dungeon
  3737 | D:5      | Got an ancient chain mail
  3743 | D:5      | Gained mutation: You have razor-sharp teeth. [Vine Stalker growth]
  3743 | D:5      | Reached XP level 8. HP: 36/39 MP: 9/9
  4057 | D:6      | Reached skill level 10 in Unarmed Combat
  4260 | D:6      | Found a staircase to the Ecumenical Temple.
  4282 | Temple   | Entered the Ecumenical Temple
  4285 | Temple   | Became a worshipper of Ru the Awakened
  4296 | D:6      | Gained mutation: You are somewhat unskilled (-1 Apt). [Ru sacrifice]
  4296 | D:6      | Reduced skill Unarmed Combat to level 9
  4296 | D:6      | Reached * piety under Ru
  4356 | D:6      | Reached skill level 1 in Evocations
  4367 | D:6      | Reached skill level 1 in Armour
  4984 | D:7      | Reached XP level 9. HP: 44/44 MP: 11/11
  5098 | D:7      | Found a sand-covered staircase.
  5107 | Ossuary  | Entered an ossuary
  5613 | D:7      | Identified the cursed +1 chain mail of the Vacuum {*Drain MR+ SInv Stlth+} (You found it on level 5 of the Dungeon)
  6017 | D:7      | Reached XP level 10. HP: 48/51 MP: 14/14
  6253 | D:7      | Reached skill level 5 in Evocations
  6985 | D:8      | Killed from afar by an orc priest

Action                   |  1- 3 |  4- 6 |  7- 9 | 10-12 || total
-------------------------+-------+-------+-------+-------++-------
Melee: Unarmed           |    84 |   215 |   382 |   134 ||   815
Throw: Stone             |     2 |     2 |       |       ||     4
Invok: Sacrifice Skill   |       |       |     1 |       ||     1
       Reject Sacrifices |       |       |     1 |       ||     1
Evoke: Wand              |       |       |       |     2 ||     2
  Use: Scroll            |       |    11 |     4 |       ||    15
 Stab: Sleeping          |     7 |     7 |       |       ||    14
       Distracted        |     1 |       |       |     1 ||     2
  Eat: Chunk             |       |     6 |    10 |     3 ||    19
       Pizza             |       |       |     1 |       ||     1
